 Dungeon Crawl Stone Soup version 0.18.1-6-gd335043 (webtiles) character file.

453722 Helmschank the Slayer (level 23, -7/232 HPs)
             Began as a Minotaur Monk on May 16, 2016.
             Was the Champion of Qazlal.
             Killed from afar by a shadow dragon (13 damage)
             ... with a bolt of negative energy
             ... on level 5 of the Vaults on May 17, 2016.
             The game lasted 06:18:56 (63335 turns).

Helmschank the Slayer (Minotaur Monk)              Turns: 63335, Time: 06:18:57

Health: -7/232     AC: 35    Str: 30    XL:     23   Next: 24%
Magic:  42/42      EV: 23    Int: 10    God:    Qazlal [******]
Gold:   1255       SH: 11    Dex: 19    Spells: 3 memorised, 12 levels left

rFire  + + +     SeeInvis +     a - +7 battleaxe (elec)
rCold  + + +     Gourm    .     U - +4 plate armour {rF+}
rNeg   . . .     Faith    .     (shield currently unavailable)
rPois  +         Spirit   .     E - +0 hat
rElec  +         Dismiss  .     G - +0 cloak {rF+}
rCorr  +         Reflect  +     t - +0 pair of gloves
SustAt .         Harm     .     O - +0 pair of boots
MR     ++...     Rnd*Rage +     X - +3 amulet of reflection
Stlth  ..........               V - ring of Caifuk {rC+ MP+9 Str+3 SInv}
                                k - ring of protection from magic

@: mighty, agile, resistant, protected from physical damage, very slightly
contaminated, hasted, repel missiles, drained, very quick, very resistant to
hostile enchantments, extremely unstealthy
A: retaliatory headbutt, horns 2, iridescent scales 1, berserk 1, cold
resistance 1, sense surroundings 1
a: Upheaval, Elemental Force, Disaster Area, Renounce Religion
}: 2/15 runes: decaying, serpentine


You were on level 5 of the Vaults.
You worshipped Qazlal.
Qazlal was exalted by your worship.
You were not hungry.

You visited 8 branches of the dungeon, and saw 42 of its levels.
You visited the Abyss 1 time.
You also visited: Sewer, Ice Cave and Volcano.

You collected 4854 gold pieces.
You spent 3599 gold pieces at shops.

Inventory:

Hand Weapons
 a - a +7 battleaxe of electrocution (weapon)
 b - a +1 battleaxe of flaming
 q - the +2 morningstar of the Scavenger {venom, rElec rN++}
   (You bought it in a shop on level 2 of the Orcish Mines)

   It poisons the flesh of those it strikes.
   It insulates you from electricity.
   It greatly protects you from negative energy.
Missiles
 e - 42 tomahawks (quivered)
 v - 4 silver tomahawks
 D - 2 steel javelins
 I - 9 tomahawks of returning
 N - 3 javelins of penetration
 W - 8 steel tomahawks
Armour
 t - a +0 pair of gloves (worn)
 E - a +0 hat (worn)
 G - a +0 cloak of fire resistance (worn)
 O - a +0 pair of boots (worn)
 U - a +4 plate armour of fire resistance (worn)
Jewellery
 k - a ring of protection from magic (left hand)
 m - an uncursed ring of protection from fire
 r - an uncursed ring of flight
 z - an uncursed ring of poison resistance
 P - an uncursed ring of resist corrosion
 R - an uncursed ring of protection from cold
 S - the ring of Suhog {Wiz Str+4 Slay+5}
   (You took it off a deep elf mage on level 3 of the Elven Halls)

   [ring of wizardry]

   It improves your spell success rate.
   It affects your strength (+4).
   It affects your accuracy and damage with ranged weapons and melee attacks
   (+5).
 V - the ring of Caifuk (right hand) {rC+ MP+9 Str+3 SInv}
   (You took it off a deep elf mage on level 3 of the Elven Halls)

   [ring of see invisible]

   It affects your strength (+3).
   It protects you from cold.
   It affects your magic capacity (+9).
   It lets you see invisible.
 X - a +3 amulet of reflection (around neck)
Wands
 h - a wand of disintegration (14/24)
 n - a wand of hasting (1/9)
Scrolls
 f - 14 scrolls of teleportation
 i - 15 scrolls of remove curse
 j - 13 scrolls of fog
 p - 8 scrolls of magic mapping
 s - 10 scrolls of identify
 u - 8 scrolls of recharging
 y - 3 scrolls of silence
 Q - 2 scrolls of fear
Potions
 c - a potion of cancellation
 d - 3 potions of haste
 g - 11 potions of curing
 x - 5 potions of might
 A - 6 potions of resistance
 B - 5 potions of agility
 C - 10 potions of heal wounds
 F - 9 potions of magic
 H - 2 potions of flight
 J - a potion of invisibility
 M - 5 potions of cure mutation
 T - 7 potions of berserk rage
Comestibles
 l - 15 meat rations
 o - 8 bread rations
 w - a chunk of flesh


   Skills:
 + Level 24.5(23.3) Fighting
 - Level 20.0(19.2) Axes
 - Level 7.2(14.0) Maces & Flails
 - Level 17.4(16.3) Throwing
 - Level 20.4(19.3) Armour
 - Level 15.0(13.9) Dodging
 - Level 1.5(0.8) Stealth
   Level 5.6(4.8) Shields
 - Level 4.3(3.6) Unarmed Combat
 - Level 15.0(14.0) Invocations


You had 12 spell levels left.
You knew the following spells:

 Your Spells              Type           Power        Failure   Level  Hunger
a - Swiftness             Chrm/Air       #.......     99%         2    ###....
b - Repel Missiles        Chrm/Air       #.....       99%         2    ###....
c - Haste                 Chrm           #.......     100%        6    #######


Dungeon Overview and Level Annotations

Branches:
Dungeon (15/15)            Temple (1/1) D:7            Lair (8/8) D:10
  Swamp (4/4) Lair:6        Snake (4/4) Lair:4        Slime (0/6) Lair:8
    Orc (2/2) D:12            Elf (3/3) Orc:2        Vaults (5/5) D:13
  Crypt (0/3) Vaults:2     Depths (0/5) D:15

Altars:
Ashenzari
Cheibriados
Dithmenos
Elyvilon
Fedhas
Gozag
Kikubaaqudgha
Makhleb
Nemelex Xobeh
Okawaru
Pakellas
Qazlal
Ru
Sif Muna
Trog
Vehumet
Xom
Yredelemnul
Zin
The Shining One
Beogh
Jiyva

Shops:
D:7 [   Orc:2 (*}   Elf:2 (   Elf:3 [   Snake:3 }   Vaults:2 =   Vaults:4 *

Portals:
Pandemonium: Orc:2


Innate Abilities, Weirdness & Mutations

You reflexively headbutt those who attack you in melee.
You have a pair of horns on your head.
You are partially covered in iridescent scales (AC +4).
You tend to lose your temper in combat.
Your flesh is cold resistant.
You passively map a small area around you.


Message History

The shadow dragon claws you!
* * * LOW HITPOINT WARNING * * *
You block the shadow dragon's attack.
You take 23 damage, and have 37/232 hp.
You cut the vault warden into ribbons!!!
You kill the vault warden!
Qazlal accepts your kill.
You hit the shadow dragon but do no damage.
There is a sudden explosion of sparks!
The shadow dragon is heavily wounded.
Unknown command.
You slice the shadow dragon!! You headbutt the shadow dragon!
The shadow dragon is almost dead.
The deep elf high priest utters a dark prayer and points at you.
Your life force is offered up.
* * * LOW HITPOINT WARNING * * *
The shadow dragon is healed.
The shadow dragon breathes negative energy at you.
The bolt of negative energy hits you!
You feel drained.
You die...

#..##....#
#..##....# ,
#..##.p..#
#..##....### *
#..##).....#
#..##).....###
#..###.§......
#§.###........
#§.@)eC##.....
#..§D..# #####
* #.§..§.# * *
#........ ,
#..........
###########


You could see a shadow dragon, a fire giant and a deep elf high priest.

Vanquished Creatures
  Sojobo (Vaults:4)
  Margery (Vaults:3)
  Norris (Vaults:3)
  the Lernaean hydra (Swamp:4)
  A golden dragon (Vaults:5)
  Rupert (Lair:5)
  2 tentacled monstrosities
  A deep elf master archer (Elf:3)
  3 deep elf blademasters
  2 quicksilver dragons
  A sphinx (shapeshifter) (Elf:2)
  2 sphinxes
  Gastronok (Lair:3)
  Roxanne (Swamp:2)
  A thorn hunter (Swamp:4)
  A shadow dragon (Vaults:4)
  2 frost giants
  5 tengu reavers
  The ghost of Wolfechu the Bludgeoner, a journeyman MiGl of Okawaru (D:14)
  11 greater nagas
  4 deep elf sorcerers
  Aizul (Swamp:3)
  A fire giant (Vaults:4)
  8 vault wardens
  Donald (Swamp:3)
  Louise (Snake:1)
  3 deep elf elementalists (Elf:3)
  7 stone giants
  19 ironheart preservers
  7 very ugly things (Vaults:4)
  2 war gargoyles
  A vampire knight (Vaults:2)
  A ghoul (D:15)
  8 deep elf demonologists
  4 deep elf annihilators (Elf:3)
  9 deep elf death magi
  2 ettins (Vaults:5)
  2 crystal guardians
  Josephine (D:15)
  An eidolon (Vaults:2)
  3 fire dragons
  34 vault guards
  Snorg (Orc:1)
  5 deep elf high priests
  11 yaktaur captains
  3 great orbs of eyes
  2 ice dragons
  2 rakshasas (Vaults:1)
  12 naga warriors
  22 hydras
  The ghost of tedric the Basher, a novice OgAM of the Shining One (D:8)
  Harold (Orc:1)
  2 ghost crabs
  An entropy weaver (shapeshifter) (Vaults:4)
  14 ogre magi
  9 centaur warriors
  15 anacondas
  26 dancing weapons
  5 deep troll shamans
  6 alligators
  The ghost of Grivan the Archer, a journeyman DEAM of Trog (Volcano)
  An anaconda (shapeshifter) (Vaults:1)
  7 orc high priests
  2 vampire magi
  15 naga sharpshooters
  6 deep troll earth magi
  3 shock serpents
  2 sun demons (Orc:2)
  10 death yaks
  A hell hog (Abyss:2)
  Nergalle (Lair:1)
  A fire crab (Vaults:2)
  6 salamander mystics
  21 deep elf knights
  4 hell knights (Vaults:3)
  2 shadow wraiths (Vaults:3)
  8 skeletal warriors
  3 flayed ghosts
  17 deep trolls
  2 gelid demonspawn (Orc:2)
  An infernal demonspawn (Orc:2)
  A storm dragon skeleton (Vaults:1)
  A spriggan druid (Swamp:4)
  2 unseen horrors
  3 naga ritualists
  20 deep elf archers
  2 giant orange brains (Vaults:2)
  4 shambling mangroves
  A phantasmal warrior (Vaults:2)
  14 ironbrand convokers
  12 swamp dragons
  5 hill giants
  27 orc knights
  4 necromancers
  A torturous demonspawn (Orc:2)
  78 deep elf magi
  11 orc sorcerers
  9 griffons
  8 cyclopes
  17 mana vipers
  6 hornets
  A shining eye (shapeshifter) (Vaults:5)
  3 manticores
  33 ugly things
  An oklob plant (Snake:1)
  A frost giant zombie (D:15)
  21 salamanders
  5 elephants
  A sixfirhy (Orc:2)
  2 octopodes (shapeshifter)
  13 vault sentinels
  2 wolf spiders
  A stone giant skeleton (D:15)
  8 centaur zombies
  29 black mambas
  A torpor snail (Lair:5)
  An ice statue (IceCv)
  A guardian serpent (shapeshifter) (Vaults:4)
  A smoke demon (Orc:2)
  11 naga magi
  4 orange demons
  12 guardian serpents
  Joseph (Lair:1)
  3 gargoyles
  31 spiny frogs
  4 rime drakes
  5 freezing wraiths
  7 kobold demonologists
  10 komodo dragons
  A redback zombie (D:13)
  2 small abominations
  28 yaktaurs
  2 yaktaurs (shapeshifter)
  A queen bee (shapeshifter) (Vaults:4)
  3 tengu conjurers
  11 giant leeches
  A red devil (Orc:2)
  10 trolls
  A polar bear (shapeshifter) (Vaults:4)
  18 polar bears
  22 two-headed ogres
  Grinder (D:6)
  A hornet zombie (Vaults:1)
  8 bog bodies
  A harpy skeleton (D:15)
  31 blink frogs
  30 slime creatures
  A blink frog (shapeshifter) (D:15)
  6 boulder beetles
  Sigmund (D:2)
  9 wraiths
  A centaur simulacrum (D:15)
  11 redbacks
  A spriggan zombie (D:15)
  5 shadows
  The ghost of rutigerpupkin the Digger, an amateur GrEE (D:3)
  A ynoxinul (Abyss:2)
  A tarantella (shapeshifter) (Vaults:4)
  3 tarantellas (Vaults:3)
  7 water elementals
  15 fire bats (Volcano)
  9 spriggans
  A hog (shapeshifter) (Vaults:3)
  A human (shapeshifter) (Vaults:1)
  4 wyverns
  60 yaks
  2 basilisks
  4 fire elementals
  14 hippogriffs
  4 hungry ghosts
  33 vampire mosquitoes
  Menkaure (D:6)
  2 mottled dragons
  26 insubstantial wisps
  44 nagas
  22 swamp worms
  Edmund (D:6)
  10 wargs
  A tengu zombie (D:15)
  Duvessa (D:7)
  17 porcupines
  2 hell hounds (Orc:1)
  15 water moccasins
  An ice beast (shapeshifter) (Vaults:1)
  3 ice beasts
  15 swamp drakes
  66 orc warriors
  17 wasps
  A sky beast (D:11)
  2 eyes of draining
  A necrophage (D:10)
  A phantom (D:10)
  24 wolves
  8 centaurs
  62 ogres
  7 boggarts
  A boggart (shapeshifter) (Vaults:3)
  24 crocodiles
  3 big kobolds
  41 giant frogs
  2 earth elementals
  An ogre simulacrum (Vaults:1)
  A wyvern zombie (D:14)
  4 wyvern skeletons
  Dowan (D:7)
  7 scorpions
  A boulder beetle zombie (Vaults:1)
  4 killer bees
  13 wights
  4 electric eels
  A howler monkey (D:4)
  5 crimson imps
  3 giant frog zombies
  A human simulacrum (Vaults:1)
  3 hounds
  4 jellies
  29 orc wizards
  30 orc priests
  A centaur skeleton (D:10)
  A giant frog skeleton (D:7)
  7 iguanas
  8 worker ants
  A killer bee zombie (D:9)
  30 sheep
  2 hound skeletons
  3 mummies (D:15)
  2 worker ant zombies
  A howler monkey skeleton (D:4)
  A howler monkey zombie (D:10)
  91 river rats
  26 adders
  5 gnolls (D:6)
  6 shadow imps
  12 white imps (D:13)
  9 oozes
  An adder skeleton (D:9)
  A worm (D:4)
  3 dart slugs
  9 giant geckos
  184 orcs
  9 giant cockroaches
  11 goblins
  4 hobgoblins
  23 jackals
  26 kobolds
  3 quokkas
  12 ball pythons (Sewer)
  8 bats
  4 giant newts
  A jackal zombie (D:9)
  24 rats
  4 bushes
  A crawling corpse (Elf:3)
  74 fungi
  78 plants
  2 withered plants (D:15)
2439 creatures vanquished.

Vanquished Creatures (collateral kills)
  A deep troll earth mage (Vaults:3)
  A deep troll (Vaults:3)
  A plant (Lair:6)
3 creatures vanquished.

Vanquished Creatures (others)
  A deep elf master archer (Elf:3)
  A deep elf elementalist (Elf:3)
  A deep elf high priest (Elf:3)
  A vault guard (Vaults:5)
  A dancing weapon (Elf:2)
  2 deep elf archers
  An ironbrand convoker (Vaults:5)
  A hornet (Vaults:5)
  2 yaktaurs
  A giant leech (Swamp:3)
  A naga (Snake:4)
  A quokka (D:15)
  2 bushes
  23 fungi
  7 plants
  5 withered plants (D:15)
51 creatures vanquished.

Grand Total: 2493 creatures vanquished

Notes
Turn   | Place    | Note
--------------------------------------------------------------
     0 | D:1      | Helmschank the Minotaur Monk began the quest for the Orb.
     0 | D:1      | Reached XP level 1. HP: 19/19 MP: 0/0
   234 | D:1      | Reached skill level 4 in Fighting
   234 | D:1      | Reached XP level 2. HP: 24/27 MP: 1/1
   800 | D:1      | Reached XP level 3. HP: 30/34 MP: 2/2
  1391 | D:2      | Reached skill level 1 in Axes
  1436 | D:2      | Reached skill level 1 in Armour
  1555 | D:2      | Reached XP level 4. HP: 41/41 MP: 3/3
  1597 | D:2      | Noticed Sigmund
  1863 | D:2      | HP: 1/41 [something/magic dart (6)]
  2282 | D:3      | Noticed rutigerpupkin's ghost (amateur GrEE)
  2418 | D:3      | Killed rutigerpupkin's ghost
  2418 | D:3      | Reached skill level 5 in Fighting
  2418 | D:3      | Reached XP level 5. HP: 28/48 MP: 4/4
  2877 | D:2      | Killed Sigmund
  2877 | D:2      | Reached XP level 6. HP: 54/57 MP: 5/5
  3477 | D:3      | Reached skill level 5 in Axes
  3604 | D:4      | Found a bloodstained altar of Trog.
  3738 | D:4      | Reached skill level 6 in Fighting
  3738 | D:4      | Reached XP level 7. HP: 30/63 MP: 6/6
  4082 | D:4      | Found a glowing drain.
  4091 | Sewer    | Entered a sewer
  5674 | D:4      | Reached skill level 5 in Armour
  5999 | D:5      | Entered Level 5 of the Dungeon
  6006 | D:5      | Reached XP level 8. HP: 70/71 MP: 7/7
  6062 | D:5      | Reached skill level 1 in Throwing
  6546 | D:6      | Noticed Grinder
  6766 | D:6      | Reached skill level 7 in Fighting
  6767 | D:6      | Noticed Menkaure
  6775 | D:6      | Killed Menkaure
  6973 | D:6      | Noticed Edmund
  6984 | D:6      | Killed Edmund
  7468 | D:6      | Reached skill level 8 in Fighting
  7468 | D:6      | Reached skill level 10 in Axes
  7469 | D:6      | Reached XP level 9. HP: 14/81 MP: 8/8
  7805 | D:6      | Found a sacrificial altar of Ru.
  7982 | D:6      | Paralysed by Grinder for 4 turns
  7992 | D:6      | Killed Grinder
  8093 | D:6      | Found a bloodstained altar of Trog.
  8332 | D:7      | You fall through a shaft for 2 floors!
  8370 | D:9      | Reached skill level 1 in Shields
  8761 | D:8      | Found a sparkling altar of Nemelex Xobeh.
  8791 | D:8      | Noticed tedric's ghost (novice OgAM)
  8827 | D:7      | Found an opulent altar of Gozag.
  8864 | D:7      | Found Qoklileq's Antique Armour Boutique.
  8877 | D:7      | Bought a pair of shimmering boots for 313 gold pieces
  8887 | D:7      | Identified the +1 pair of boots "Yhead" {-Tele rF- Str+3 Dex+9} (You bought it in a shop on level 7 of the Dungeon)
  9028 | D:7      | Noticed Duvessa
  9030 | D:7      | Found a glowing golden altar of the Shining One.
  9031 | D:7      | Noticed Dowan
  9042 | D:7      | Killed Duvessa
  9091 | D:7      | Killed Dowan
  9195 | D:7      | Found a staircase to the Ecumenical Temple.
  9204 | Temple   | Entered the Ecumenical Temple
  9218 | Temple   | Became a worshipper of Qazlal Stormbringer
  9218 | Temple   | Reached * piety under Qazlal
  9218 | Temple   | Reached ** piety under Qazlal
  9755 | D:7      | Reached XP level 10. HP: 84/88 MP: 9/9
 10279 | D:7      | Reached *** piety under Qazlal
 10892 | D:8      | Noticed a gargoyle
 10943 | D:8      | Reached skill level 5 in Shields
 11297 | D:8      | Killed a gargoyle
 11730 | D:8      | Killed tedric's ghost
 12066 | D:9      | Found a shadowy altar of Dithmenos.
 12178 | D:9      | Found a shattered altar of Ashenzari.
 12285 | D:9      | Found a deep blue altar of Sif Muna.
 12534 | D:10     | Entered Level 10 of the Dungeon
 12538 | D:10     | Noticed an elephant
 12728 | D:10     | Reached **** piety under Qazlal
 12764 | D:10     | Found a staircase to the Lair.
 12785 | D:10     | Killed an elephant
 12801 | D:10     | Reached XP level 11. HP: 88/95 MP: 10/10
 12815 | D:10     | Reached skill level 9 in Fighting
 12940 | D:10     | Reached ***** piety under Qazlal
 13245 | D:10     | Found a roughly hewn altar of Beogh.
 14013 | D:10     | Reached skill level 15 in Axes
 14169 | Lair:1   | Entered Level 1 of the Lair of Beasts
 14218 | Lair:1   | Noticed Joseph
 14240 | Lair:1   | Killed Joseph
 14515 | Lair:1   | Noticed Nergalle
 14536 | Lair:1   | Killed Nergalle
 14537 | Lair:1   | Reached skill level 10 in Fighting
 15581 | Lair:2   | Got a faintly glowing leather armour
 15740 | Lair:2   | Reached skill level 11 in Fighting
 15758 | Lair:2   | Reached skill level 1 in Invocations
 15851 | Lair:2   | Identified the +2 leather armour "Lifria" {SInv} (You found it on level 2 of the Lair of Beasts)
 16104 | Lair:2   | Reached XP level 12. HP: 99/110 MP: 10/12
 16538 | Lair:3   | Noticed Gastronok
 16550 | Lair:3   | Killed Gastronok
 17315 | Lair:3   | Reached skill level 5 in Invocations
 17778 | Lair:4   | Reached ****** piety under Qazlal
 18172 | Lair:4   | Found a staircase to the Snake Pit.
 18674 | Lair:5   | Noticed a four-headed hydra
 18692 | Lair:5   | Killed a five-headed hydra
 18808 | Lair:5   | Noticed Rupert
 18820 | Lair:5   | Killed Rupert
 18922 | Lair:5   | Reached XP level 13. HP: 78/116 MP: 18/18
 20274 | Lair:6   | Reached skill level 10 in Invocations
 20694 | Lair:6   | Found a staircase to the Swamp.
 21170 | Lair:7   | Reached skill level 5 in Throwing
 22245 | Lair:8   | Entered Level 8 of the Lair of Beasts
 22253 | Lair:8   | Reached skill level 10 in Armour
 22767 | Lair:8   | Reached XP level 14. HP: 90/124 MP: 20/20
 22789 | Lair:8   | Reached skill level 10 in Throwing
 23122 | Lair:8   | Reached skill level 12 in Fighting
 23193 | Lair:8   | Found a staircase to the Slime Pits.
 23193 | Lair:8   | Found a viscous altar of Jiyva.
 24044 | Lair:1   | Identified a scroll of acquirement
 24882 | D:12     | Found a staircase to the Orcish Mines.
 25440 | Orc:1    | Entered Level 1 of the Orcish Mines
 25440 | Orc:1    | Noticed Harold
 25440 | Orc:1    | Noticed Snorg
 25444 | Orc:1    | Killed Harold
 25450 | Orc:1    | Killed Snorg
 25467 | Orc:1    | Reached skill level 13 in Fighting
 25888 | Orc:1    | Found a dark tunnel.
 25900 | Volcano  | Entered a volcano
 25909 | Volcano  | Noticed Grivan's ghost (journeyman DEAM)
 25929 | Volcano  | Killed Grivan's ghost
 26438 | Orc:1    | Found a roughly hewn altar of Beogh.
 26570 | Orc:2    | Entered Level 2 of the Orcish Mines
 26647 | Orc:2    | Found a staircase to the Elven Halls.
 26665 | Orc:2    | Found Cunuer's Antique Armour Shop.
 27261 | Orc:2    | Found Mademu's Distillery.
 27262 | Orc:2    | Found Durib's General Store.
 27464 | Orc:2    | Reached skill level 14 in Fighting
 27779 | Orc:2    | Bought a scroll of fear for 56 gold pieces
 27779 | Orc:2    | Bought a potion of might for 64 gold pieces
 27781 | Orc:2    | Bought a potion of might for 56 gold pieces
 27781 | Orc:2    | Bought a potion of might for 56 gold pieces
 28173 | Orc:1    | Reached XP level 15. HP: 75/138 MP: 22/22
 29247 | Orc:2    | Found Cef Kyn's Gadget Boutique.
 29247 | Orc:2    | Found Iwoas's Antique Weapon Shop.
 29249 | Orc:2    | Found a one-way gate leading to the halls of Pandemonium.
 29379 | Orc:2    | Bought a potion of beneficial mutation for 490 gold pieces
 29379 | Orc:2    | Bought a potion of beneficial mutation for 490 gold pieces
 29379 | Orc:2    | Bought a potion of curing for 42 gold pieces
 29379 | Orc:2    | Bought 2 potions of might for 112 gold pieces
 29379 | Orc:2    | Bought a potion of haste for 140 gold pieces
 29381 | Orc:2    | Gained mutation: You are partially covered in iridescent scales (AC +4). [potion of beneficial mutation]
 29382 | Orc:2    | Gained mutation: You passively map a small area around you. [potion of beneficial mutation]
 29383 | Orc:2    | Gained mutation: Your flesh is cold resistant. [potion of beneficial mutation]
 29925 | D:13     | Found a gate to the Vaults.
 30115 | D:13     | Found a frozen archway.
 30133 | IceCv    | Entered an ice cave
 30952 | IceCv    | Noticed a frost giant
 30961 | IceCv    | Killed a frost giant
 31209 | IceCv    | Got an ivory bardiche
 31410 | IceCv    | Identified the +9 bardiche "Jargh" {venom, MP+9} (You found it in an ice cave)
 32067 | D:14     | Noticed Wolfechu's ghost (journeyman MiGl)
 32087 | D:14     | You fall through a shaft!
 32087 | D:15     | Entered Level 15 of the Dungeon
 32157 | D:15     | Reached skill level 15 in Fighting
 32451 | D:15     | Noticed Josephine
 32459 | D:15     | Killed Josephine
 32459 | D:15     | Reached XP level 16. HP: 125/149 MP: 24/24
 32954 | D:15     | Found a staircase to the Depths.
 33350 | D:15     | Found a white marble altar of Elyvilon.
 33493 | D:15     | Reached skill level 16 in Fighting
 34049 | D:14     | Killed Wolfechu's ghost
 35339 | Swamp:1  | Entered Level 1 of the Swamp
 36818 | Swamp:2  | Reached skill level 17 in Fighting
 37025 | Swamp:2  | Noticed Roxanne
 37070 | Swamp:2  | Killed Roxanne
 37072 | Swamp:2  | Identified Roxanne's Guide on Moulding (You took it off Roxanne on level 2 of the Swamp)
 37707 | Swamp:3  | Noticed Donald
 37707 | Swamp:3  | Reached skill level 5 in Dodging
 38322 | Swamp:3  | Reached XP level 17. HP: 162/162 MP: 25/25
 38332 | Swamp:3  | Killed Donald
 38417 | Swamp:3  | Identified the Volume of Burning Necromancy (You found it on level 3 of the Swamp)
 39018 | Swamp:3  | Noticed Aizul
 39043 | Swamp:3  | Killed Aizul
 39922 | Snake:1  | Entered Level 1 of the Snake Pit
 39954 | Snake:1  | Found a white marble altar of Elyvilon.
 39968 | Snake:1  | Noticed Louise
 39973 | Snake:1  | Reached skill level 18 in Fighting
 39975 | Snake:1  | Killed Louise
 41898 | Snake:3  | Reached skill level 19 in Fighting
 42046 | Snake:3  | Reached skill level 10 in Dodging
 42324 | Snake:3  | Found Fysh's Gadget Boutique.
 42979 | Swamp:4  | Entered Level 4 of the Swamp
 43154 | Swamp:4  | Noticed the 27-headed Lernaean hydra
 43165 | Swamp:4  | Killed the 22-headed Lernaean hydra
 43165 | Swamp:4  | Reached XP level 18. HP: 155/176 MP: 26/26
 43405 | Swamp:4  | Got a decaying rune of Zot
 44586 | Snake:4  | Entered Level 4 of the Snake Pit
 45514 | Snake:4  | Reached skill level 15 in Armour
 46468 | Snake:4  | Reached skill level 15 in Invocations
 46573 | Snake:4  | Reached XP level 19. HP: 163/182 MP: 24/29
 47015 | Snake:4  | Got a serpentine rune of Zot
 47369 | Elf:1    | Entered Level 1 of the Elven Halls
 48013 | Elf:1    | Identified Hihuvety's Handbook of Calling
 49276 | Elf:2    | Found Jiecs's Weapon Emporium.
 49407 | Elf:2    | Learned a level 2 spell: Swiftness
 49428 | Elf:2    | Learned a level 2 spell: Repel Missiles
 49491 | Elf:2    | Found a runed gate.
 49491 | Elf:2    | Found a runed gate.
 49491 | Elf:2    | Found a runed gate.
 50240 | Elf:2    | Reached skill level 20 in Fighting
 50781 | Vaults:1 | Entered Level 1 of the Vaults
 50891 | Vaults:1 | Reached XP level 20. HP: 119/193 MP: 30/30
 51773 | Vaults:1 | Reached skill level 15 in Throwing
 52317 | Vaults:1 | Paralysed by a hornet for 3 turns
 52839 | Vaults:2 | You fall through a shaft!
 53625 | Vaults:3 | Noticed Norris
 53658 | Vaults:3 | Killed Norris
 53941 | Vaults:3 | Noticed Margery
 53953 | Vaults:3 | Killed Margery
 55417 | Vaults:2 | Reached XP level 21. HP: 143/202 MP: 31/31
 56319 | Vaults:2 | Got a spiked chain mail
 56342 | Vaults:2 | Identified the +4 chain mail of Autotheism {MR+} (You found it on level 2 of the Vaults)
 56418 | Vaults:2 | Found Tirghof's Jewellery Shoppe.
 56439 | Vaults:2 | Reached skill level 15 in Dodging
 56443 | Vaults:2 | Bought a cursed ring of teleportation for 90 gold pieces
 56908 | Vaults:2 | Found a staircase to the Crypt.
 57877 | Vaults:4 | Noticed Sojobo
 57880 | Vaults:4 | Killed Sojobo
 58085 | Vaults:4 | Found Wibuinlu's Assorted Antiques.
 58104 | Vaults:4 | Bought a scroll of identify for 96 gold pieces
 58449 | Vaults:4 | Reached XP level 22. HP: 140/211 MP: 32/32
 58458 | Vaults:4 | Reached skill level 21 in Fighting
 59528 | Elf:3    | Entered Level 3 of the Elven Halls
 59877 | Elf:3    | Reached skill level 22 in Fighting
 59898 | Elf:2    | Got a polished broad axe {vamp}
 59902 | Elf:2    | Identified the +5 broad axe of Accord {vamp, rF- rC+ Dex+5} (You took it off a deep elf demonologist on level 2 of the Elven Halls)
 60103 | Elf:2    | Cast into level 2 of the Abyss (a deep elf sorcerer)
 60103 | Abyss:2  | Found a corrupted altar of Lugonu.
 60158 | Elf:2    | Escaped the Abyss
 60773 | Elf:3    | Found Ollan's Antique Armour Emporium.
 60834 | Elf:3    | Got a polished arbalest
 60835 | Elf:3    | Identified the +3 arbalest "Qeavvuuse" {velocity, rPois rF- MP-9 Int+5} (You found it on level 3 of the Elven Halls)
 61193 | Elf:3    | Reached skill level 23 in Fighting
 61266 | Elf:3    | Got a flickering bronze ring
 61270 | Elf:3    | Identified the ring of Caifuk {rC+ MP+9 Str+3 SInv} (You took it off a deep elf mage on level 3 of the Elven Halls)
 61293 | Elf:3    | Got a brightly glowing golden ring
 61294 | Elf:3    | Identified the ring of Wicezxeph {Str+2 Dex+2} (You took it off a deep elf archer on level 3 of the Elven Halls)
 61305 | Elf:3    | Got a scorched glass ring
 61313 | Elf:3    | Identified the ring of Suhog {Wiz Str+4 Slay+5} (You took it off a deep elf mage on level 3 of the Elven Halls)
 61357 | Elf:3    | Identified the Papyrus of Enthralling Clay
 61551 | Elf:3    | Got a polished morningstar
 61552 | Elf:3    | Identified the cursed +3 morningstar "Esawotut" {flame, Fragile Dex+7} (You found it on level 3 of the Elven Halls)
 61885 | Orc:2    | Bought the cursed +2 morningstar of the Scavenger {venom, rElec rN++} for 580 gold pieces
 61893 | Orc:2    | Bought a potion of flight for 42 gold pieces
 61893 | Orc:2    | Bought a potion of magic for 112 gold pieces
 61899 | Orc:2    | Bought 2 potions of berserk rage for 140 gold pieces
 62187 | Vaults:1 | Learned a level 6 spell: Haste
 62311 | Vaults:4 | Bought a metal-bound book for 720 gold pieces
 62379 | Vaults:4 | Reached skill level 1 in Maces & Flails
 62489 | Vaults:5 | Entered Level 5 of the Vaults
 62506 | Vaults:5 | Paralysed by a sphinx for 4 turns
 62508 | Vaults:5 | Noticed a golden dragon
 62514 | Vaults:4 | Reached skill level 5 in Maces & Flails
 62916 | Vaults:5 | Reached XP level 23. HP: 194/229 MP: 33/33
 62921 | Vaults:4 | Reached skill level 24 in Fighting
 63260 | Vaults:5 | Gained mutation: You tend to lose your temper in combat. [a shining eye]
 63335 | Vaults:5 | HP: 6/232 [deep elf high priest/a malign offering (31)]
 63335 | Vaults:5 | Killed from afar by a shadow dragon

Skill      XL: |  1  2  3  4  5  6  7  8  9 10 11 12 13 14 15 16 17 18 19 20 21 22 23 |
---------------+----------------------------------------------------------------------+-----
Fighting       | 4 5 6 8 11 14 15 17 19 20 23 24 | 24.5
Dodging        | 4 5 11 12 14 15 | 15.0
Axes           | 1 3 4 5 7 10 12 14 16 17 18 20 | 20.0
Armour         | 1 2 3 5 7 8 10 11 14 16 18 20 | 20.4
Throwing       | 2 9 13 14 16 17 | 17.4
Shields        | 4 5 |  5.6
Invocations    | 1 8 10 11 12 15 | 15.0
Maces & Flails | 6 7 |  7.2
Stealth        | |  1.5
Unarmed Combat | |  4.3

Action                   |  1- 3 |  4- 6 |  7- 9 | 10-12 | 13-15 | 16-18 | 19-21 | 22-24 || total
-------------------------+-------+-------+-------+-------+-------+-------+-------+-------++-------
Melee: Unarmed           |    90 |    33 |       |       |       |       |       |       ||   123
       Headbutt          |    11 |    23 |    92 |   181 |   329 |   264 |   355 |    67 ||  1322
       Punch             |     1 |     2 |     6 |       |       |       |       |       ||     9
       Hand axe          |       |    89 |   458 |    53 |       |       |       |       ||   600
       Dagger            |       |       |     6 |       |       |       |       |       ||     6
       War axe           |       |       |       |   217 |       |       |       |       ||   217
       Broad axe         |       |       |       |   554 |   908 |       |       |       ||  1462
       Morningstar       |       |       |       |     5 |       |       |       |     2 ||     7
       Flail             |       |       |       |     6 |     8 |       |       |       ||    14
       Battleaxe         |       |       |       |       |   518 |  1283 |  1406 |   345 ||  3552
Throw: Stone             |    10 |    21 |    16 |     6 |     3 |       |       |       ||    56
       Javelin           |       |       |    38 |    13 |     3 |   123 |    26 |       ||   203
       Tomahawk          |       |       |    24 |   122 |   231 |   290 |   161 |    23 ||   851
Invok: Upheaval          |       |       |       |     2 |    20 |     5 |     3 |     3 ||    33
       Disaster Area     |       |       |       |       |     3 |       |     2 |     4 ||     9
       Elemental Force   |       |       |       |       |       |       |     1 |       ||     1
Evoke: Wand              |       |       |       |       |       |     1 |       |     1 ||     2
  Use: Potion            |       |     5 |     3 |     1 |     4 |     9 |     3 |    10 ||    35
       Scroll            |       |       |    19 |     8 |     8 |    11 |     2 |    11 ||    59
 Stab: Confused          |       |       |       |       |     1 |       |       |       ||     1
       Invisible         |       |       |       |       |       |    22 |       |       ||    22
       Distracted        |       |       |       |       |       |       |     3 |       ||     3
  Eat: Chunk             |     2 |     7 |    16 |    30 |    33 |    32 |    32 |     9 ||   161
       Pizza             |       |       |     1 |       |     1 |     2 |     1 |       ||     5
       Beef jerky        |       |       |     2 |     1 |       |     3 |       |       ||     6
       Fruit             |       |       |       |       |     2 |       |       |     3 ||     5
       Bread ration      |       |       |       |       |     2 |     1 |     1 |     2 ||     6
       Royal jelly       |       |       |       |       |     1 |       |       |       ||     1
       Meat ration       |       |       |       |       |     1 |       |       |       ||     1
Armor: Robe              |     4 |       |       |       |       |       |       |       ||     4
       Leather armour    |     7 |       |       |       |       |       |       |       ||     7
       Ring mail         |     5 |       |       |       |       |       |       |       ||     5
       Chain mail        |     2 |    54 |   179 |       |       |       |       |       ||   235
       Skin              |       |    23 |       |       |       |       |       |       ||    23
       Plate armour      |       |       |    87 |   258 |   522 |   504 |   458 |   201 ||  2030
Dodge: Dodged            |    48 |    36 |   164 |   159 |   282 |   400 |   415 |   154 ||  1658
       Deflected         |       |       |       |     8 |    19 |    58 |    56 |    24 ||   165
Block: Buckler           |       |       |    24 |   353 |   454 |       |       |       ||   831
       Other             |       |       |       |       |   141 |   372 |   443 |   157 ||  1113
       Reflection        |       |       |       |       |       |    31 |    64 |    23 ||   118
